 Dungeon Crawl Stone Soup version 0.23.2-40-g277498a001 (webtiles) character file.

Game seed: 18112890292513356267

1005 DenSaoPin the Covered (level 8, 0/70 HPs)
             Began as a Minotaur Fighter on Oct 6, 2019.
             Was a Follower of Okawaru.
             Slain by an orc
             ... wielding a +0 trident
              (4 damage)
             ... on level 5 of the Dungeon.
             The game lasted 00:12:07 (3847 turns).

DenSaoPin the Covered (Minotaur Fighter)            Turns: 3847, Time: 00:12:08

Health: 0/70       AC: 14    Str: 21    XL:     8   Next: 0%
Magic:  7/7        EV: 12    Int: 10    God:    Okawaru [*.....]
Gold:   208        SH:  5    Dex: 17    Spells: 7/7 levels left

rFire    . . .     SeeInvis .   A - +5 dire flail (crush)
rCold    . . .     Gourm    .   (shield currently unavailable)
rNeg     . . .     Faith    .   t - +1 plate armour
rPois    .         Spirit   .   (helmet restricted)
rElec    .         Reflect  +   (no cloak)
rCorr    .         Harm     .   (no gloves)
MR       +....                  (no boots)
Stlth    ..........             e - +5 amulet of reflection
HPRegen  0.21/turn              p - +1 ring of slaying
MPRegen  0.10/turn              q - ring of protection from magic

@: brilliant, agile
A: retaliatory headbutt, horns 2
a: Heroism, Renounce Religion


You were on level 5 of the Dungeon.
You worshipped Okawaru.
Okawaru was aware of your devotion.
You were not hungry.

You visited 1 branch of the dungeon, and saw 5 of its levels.

You collected 208 gold pieces.

Inventory:

Hand Weapons
 a - a +0 war axe
 i - a cursed +0 hand axe
 s - a +0 war axe
 x - a +3 quarterstaff of chaos
 z - a +0 morningstar
 A - a +5 dire flail of crushing (weapon)
 C - a cursed -2 dagger
Armour
 b - a +0 scale mail
 c - a +0 shield
 t - a +1 plate armour (worn)
 u - a +0 chain mail
 y - a +2 cloak
Jewellery
 e - a +5 amulet of reflection (around neck)
 p - a +1 ring of slaying (left hand)
 q - a ring of protection from magic (right hand)
Wands
 n - a wand of flame (9)
Scrolls
 h - 7 scrolls of identify {unknown}
 j - 3 scrolls of remove curse {unknown}
 l - 2 scrolls of teleportation {unknown}
 r - 2 scrolls of fear {unknown}
 D - a scroll of random uselessness {unknown}
Potions
 d - 2 potions of might
 g - a potion of curing
 m - a potion of brilliance
 o - a potion of magic {unknown}
 w - a potion of lignification {unknown}
Comestibles
 f - 4 rations


   Skills:
 + Level 5.9 Fighting
 - Level 6.2(6.5) Axes
 + Level 2.6(4.8) Maces & Flails
 + Level 7.0 Armour
 - Level 1.8 Dodging
 + Level 0.3 Stealth
 - Level 5.2 Shields


You had 7 spell levels left.
You didn't know any spells.
Your spell library was empty.

Dungeon Overview and Level Annotations

Branches:
Dungeon (5/15)             Temple (0/1) D:4

Altars:
Ashenzari
Kikubaaqudgha
Okawaru
Sif Muna
Trog
Yredelemnul


Innate Abilities, Weirdness & Mutations

You reflexively headbutt those who attack you in melee.
You have a pair of horns on your head.


Message History

You feel clever all of a sudden. The orc hits you but does no damage.
The orc hits you from afar with a +0 trident.
* * * LOW HITPOINT WARNING * * *
The orc priest miscasts a cantrip.
You block the orc's attack.
The orc wizard casts a spell.
The orc wizard seems to speed up.
It was a potion of curing.
You feel better.
The orc hits you from afar with a +0 trident.
* * * LOW HITPOINT WARNING * * *
The orc barely misses you. You furiously retaliate!
You headbutt the orc.
It was a potion of agility.
You feel agile all of a sudden. You block the orc's attack. The orc misses you.
As you read the scroll labeled AHATHR JOQESI, it crumbles to dust.
It is a scroll of enchant armour.
Your +0 plate armour glows green for a moment.
The orc hits you from afar with a +0 trident.
You die...

...............# #.
...... #.......# ###.
......##.......#### #...
..................###.##
.....oo!o...............
......o.o.........###.##
......a.oo5.............
...#####oo........#.#.##
.......@o...............
...###########..........
#.......... #..........
###.##.#.## .. #.#.# ...
#.#.## ..... ......


You could see 3 orc priests, an orc wizard, a crimson imp and 3 orcs.

Vanquished Creatures
  Edmund (D:4)
  A necrophage (D:5)
  An ogre (D:5)
  A phantom (D:5)
  A scorpion (D:3)
  A crimson imp (D:5)
  A bullfrog zombie (D:5)
  2 hounds
  An orc wizard (D:3)
  An orc priest (D:5)
  Crazy Yiuf (D:3)
  An iguana (D:4)
  A worker ant (D:5)
  7 adders
  6 gnolls
  2 oozes
  An adder zombie (D:5)
  3 worms (D:3)
  2 dart slugs
  6 leopard geckos
  6 orcs
  3 ball pythons
  4 giant cockroaches
  3 goblins (D:2)
  10 hobgoblins
  7 jackals
  4 kobolds
  3 quokkas
  8 bats
  A jackal skeleton (D:4)
  4 rats
  3 fungi (D:3)
97 creatures vanquished.

Vanquished Creatures (others)
  The ghost of FishyPogo the Firebug, an amateur TeFE of Zin (D:4)
1 creature vanquished.

Grand Total: 98 creatures vanquished

Notes
Turn   | Place    | Note
-------+----------+-------------------------------------------
     0 | D:1      | DenSaoPin the Minotaur Fighter began the quest for the Orb.
     0 | D:1      | Reached XP level 1. HP: 19/19 MP: 0/0
   693 | D:1      | Reached XP level 2. HP: 27/27 MP: 1/1
   861 | D:2      | Reached skill level 1 in Dodging
   996 | D:2      | Reached XP level 3. HP: 33/33 MP: 2/2
  1116 | D:2      | Reached XP level 4. HP: 15/40 MP: 3/3
  1820 | D:3      | Found a deep blue altar of Sif Muna.
  1869 | D:3      | Reached XP level 5. HP: 46/46 MP: 4/4
  1873 | D:3      | Reached skill level 4 in Armour
  2180 | D:3      | Reached skill level 5 in Shields
  2180 | D:3      | Reached skill level 5 in Axes
  2491 | D:3      | Reached XP level 6. HP: 53/53 MP: 5/5
  2778 | D:3      | Found a runed translucent door.
  2779 | D:3      | Noticed Crazy Yiuf
  2785 | D:3      | Killed Crazy Yiuf
  3035 | D:4      | Found a runed translucent door.
  3038 | D:4      | Noticed FishyPogo's ghost (amateur TeFE)
  3050 | D:4      | Killed FishyPogo's ghost
  3050 | D:4      | Reached skill level 5 in Armour
  3123 | D:4      | Found a shattered altar of Ashenzari.
  3126 | D:4      | Found a bloodstained altar of Trog.
  3127 | D:4      | Found an ancient bone altar of Kikubaaqudgha.
  3129 | D:4      | Found an iron altar of Okawaru.
  3130 | D:4      | Found a basalt altar of Yredelemnul.
  3147 | D:4      | Became a worshipper of Warmaster Okawaru
  3332 | D:4      | Noticed Edmund
  3351 | D:4      | Killed Edmund
  3351 | D:4      | Reached skill level 5 in Fighting
  3351 | D:4      | Reached XP level 7. HP: 43/61 MP: 6/6
  3484 | D:4      | Found a staircase to the Ecumenical Temple.
  3589 | D:5      | Entered Level 5 of the Dungeon
  3698 | D:5      | Reached skill level 6 in Armour
  3705 | D:5      | Reached skill level 1 in Maces & Flails
  3721 | D:5      | Reached * piety under Okawaru
  3840 | D:5      | Reached skill level 7 in Armour
  3840 | D:5      | Reached XP level 8. HP: 28/70 MP: 7/7
  3841 | D:5      | HP: 3/70 [orc priest/divine providence (13)]
  3842 | D:5      | HP: 1/70 [orc/+0 trident (3)]
  3847 | D:5      | Slain by an orc

Skill      XL: |  1  2  3  4  5  6  7 |
---------------+----------------------+-----
Shields        | 4 5 |  5.2
Axes           | 3 4 5 6 |  6.2
Dodging        | 1 |  1.8
Fighting       | 4 5 |  5.9
Armour         | 4 5 7 |  7.0
Maces & Flails | 2 |  2.6
Stealth        | |  0.3

Action                   |  1- 3 |  4- 6 |  7- 9 || total
-------------------------+-------+-------+-------++-------
Melee: War axe           |    66 |   162 |       ||   228
       Headbutt          |     9 |    34 |     6 ||    49
       Dire flail        |       |       |    33 ||    33
  Use: Potion            |       |       |     3 ||     3
       Scroll            |       |       |     1 ||     1
  Eat: Chunk             |       |     6 |       ||     6
       Ration            |       |       |     1 ||     1
Armor: Scale mail        |    30 |    46 |       ||    76
       Plate armour      |       |    16 |    20 ||    36
Dodge: Dodged            |    22 |    52 |    16 ||    90
Block: Shield            |    54 |    81 |       ||   135
       Reflection        |       |     2 |       ||     2
       Other             |       |       |     9 ||     9
